 Dungeon Crawl Stone Soup version 0.29.1-1-gd02db6906a (webtiles) character file.

Game seed: 935579170441416699

19 Peksali the Poker (level 2, 0/23 HPs)
             Began as a Merfolk Gladiator on Oct 4, 2022.
             Slain by a jackal (3 damage)
             ... on level 1 of the Dungeon.
             The game lasted 00:01:49 (126 turns).

Peksali the Poker (Merfolk Gladiator)                Turns: 126, Time: 00:01:50

Health: 0/23       AC:  4    Str: 14    XL:     2   Next: 75%
Magic:  2/2        EV: 13    Int:  7    God:
Gold:   18         SH:  0    Dex: 15    Spells: 1/1 levels left

rFire   . . .      SeeInvis .   a - +0 trident
rCold   . . .      Faith    .   (no shield)
rNeg    . . .      Spirit   .   b - +0 leather armour
rPois   .          Reflect  .   c - +0 helmet
rElec   .          Harm     .   (no cloak)
rCorr   .          Rampage  .   (no gloves)
Will    .....                   (no boots)
Stlth   +.........              (no amulet)
HPRegen 0.07/turn               (no ring)
MPRegen 0.08/turn               (no ring)

@: no status effects
A: (nimble swimmer 2), mertail
a: no special abilities


You were on level 1 of the Dungeon.
You visited 1 branch of the dungeon, and saw 1 of its levels.

You collected 18 gold pieces.

Inventory:

Hand Weapons
 a - a +0 trident (weapon)
Missiles
 d - 2 throwing nets (quivered)
 e - a javelin
Armour
 b - a +0 leather armour (worn)
 c - a +0 helmet (worn)
Scrolls
 f - a scroll of magic mapping {unknown}
 g - a scroll of vulnerability {unknown}


   Skills:
 + Level 2.3 Fighting
 + Level 4.6 Polearms
 + Level 2.0 Throwing
 + Level 4.4 Dodging
 + Level 0.4 Stealth


You had one spell level left.
You didn't know any spells.
Your spell library was empty.

Dungeon Overview and Level Annotations

Branches:
Dungeon (1/15)

Altars:


Innate Abilities, Weirdness & Mutations

((You are very nimble when in or above water. (Stealth+, EV+, Speed+++)))
Your lower body shifts to a powerful aquatic tail in water.


Message History

You hit the dart slug.
You kill the dart slug!
The giant cockroach barely misses you.
The giant cockroach bites you but does no damage.
The giant cockroach waves its antennae.
The giant cockroach barely misses you.
You see here a dart slug corpse.
You puncture the giant cockroach!
You kill the giant cockroach!
g - a scroll labelled PEUHEU PUJ NIUCO You see here 3 stones.
A bat and a jackal come into view.
The jackal barks!
A jackal comes into view.
You see here 3 stones.
The bat barely misses you.
You barely miss the bat.
The jackal barks!
The bat hits you but does no damage. The bat barely misses you.
You barely miss the bat. The bat hits you but does no damage.
You closely miss the bat. The bat hits you but does no damage. x2
The jackal bites you. The jackal closely misses you.
You barely miss the bat. The bat hits you. The jackal bites you.
* * * LOW HITPOINT WARNING * * *
The jackal bites you.
* * * LOW HITPOINT WARNING * * *
The jackal attacks as you move away!
The jackal bites you but does no damage.
The jackal bites you.
* * * LOW HITPOINT WARNING * * *
The jackal bites you but does no damage.
The bat misses you. The jackal attacks as you move away!
The jackal barely misses you. The bat barely misses you.
The bat hits you but does no damage.
Found a cloak.
You hit the jackal but do no damage. The jackal closely misses you.
The jackal bites you.
You die...

......#.#### #.^
>.....#....# ..
......####.####.#
......# #....#.#
......#######...##.!
....................#
#####......(†.b###(..
#..........hh# ##
##........##@#
#..........##....#
#.#.....$......#.# .
#........###.. ..
#........# ### ..#
.......... ..
..##........ [
#........


You could see 2 jackals and a bat.

Vanquished Creatures
  A gnoll (D:1)
  A dart slug (D:1)
  A ball python (D:1)
  2 giant cockroaches (D:1)
  2 goblins (D:1)
  A rat (D:1)
8 creatures vanquished.

Notes
Turn   | Place    | Note
-------+----------+-------------------------------------------
     0 | D:1      | Peksali the Merfolk Gladiator began the quest for the Orb.
     0 | D:1      | Reached XP level 1. HP: 16/16 MP: 1/1
    42 | D:1      | Reached XP level 2. HP: 22/22 MP: 2/2
   126 | D:1      | Slain by a jackal

Illustrated notes

Levels and vault maps discovered:
D:1:      nzn_arrival_depleted_hourglass, layout_rooms, minmay_misc_feat_pillars

Action                   || total
-------------------------++-------
Melee: Trident           ||    35
       Punch             ||     1
Throw: Throwing net      ||     1
 Stab: Held in net/web   ||     3
Armor: Leather armour    ||    12
Dodge: Dodged            ||    26
